 Seeded DCSS version 0.29-a0-369-gd956c00756 (webtiles) character file.

Game seed: 20220501 (custom seed)

4936 happo123 the Grappler (level 10, -1/84 HPs)
             Began as a Ghoul Monk on May 2, 2022.
             Was a High Priest of Dithmenos.
             Slain by a yak (12 damage)
             ... on level 8 of the Dungeon.
             The game lasted 01:27:01 (10084 turns).

happo123 the Grappler (Ghoul Monk)                 Turns: 10084, Time: 01:27:02

Health: -1/84      AC: 20    Str: 16    XL:     10   Next: 52%
Magic:  0/9        EV: 14    Int:  5    God:    Dithmenos [*****.]
Gold:   321        SH:  0    Dex: 15    Spells: 7/9 levels left

rFire   + . .      SeeInvis +   O - +1 flail (protect)
rCold   + . .      Faith    .   (no shield)
rNeg    + + +      Spirit   +   G - +3 leather armour
rPois   ∞          Reflect  .   W - +2 helmet
rElec   .          Harm     .   P - +1 cloak
rCorr   .          Rampage  .   (no gloves)
Will    .....                   q - +0 pair of boots
Stlth   +++++.....              a - amulet of guardian spirit
HPRegen 0.00/turn               m - ring of see invisible
MPRegen 0.11/turn               Q - ring of protection from fire

@: under a protective aura, inhibited regen, wreathed by umbra
A: claws 1, cold resistance 1, negative energy resistance 3, inhibited
regeneration, torment resistance 2, devour on kill
a: Renounce Religion, Shadow Step, Shadow Form


You were on level 8 of the Dungeon.
You worshipped Dithmenos.
Dithmenos was extremely pleased with you.
You visited 2 branches of the dungeon, and saw 9 of its levels.
You also visited: Sewer and Ossuary.

You collected 347 gold pieces.
You spent 26 gold pieces at shops.

Inventory:

Hand Weapons
 i - a +0 hunting sling
 k - a +0 scimitar of flaming
 l - a +1 dagger of flaming
 D - a +0 flail
 M - a +3 scythe
 O - a +1 flail of protection (weapon)
Missiles
 h - 198 stones
 C - a throwing net (quivered)
Armour
 o - a +0 buckler
 q - a +0 pair of boots (worn)
 E - a +1 leather armour of poison resistance
 G - a +3 leather armour (worn)
 P - a +1 cloak (worn)
 W - a +2 helmet (worn)
 X - a +0 plate armour
Magical Staves
 y - a staff of earth
Jewellery
 a - an amulet of guardian spirit (around neck)
 m - a ring of see invisible (left claw)
 J - a ring of magical power
 Q - a ring of protection from fire (right claw)
 S - a ring of wizardry
Wands
 u - a wand of polymorph (17)
 w - a wand of flame (27)
Scrolls
 e - 3 scrolls of noise
 g - 6 scrolls of identify
 j - 4 scrolls of fear {unknown}
 p - a scroll of torment {unknown}
 r - 2 scrolls of brand weapon {unknown}
 s - a scroll of amnesia {unknown}
 A - 2 scrolls of enchant weapon
 B - a scroll of holy word {unknown}
 F - a scroll of blinking
 K - 2 scrolls of immolation {unknown}
 L - 3 scrolls of enchant armour
 N - 2 scrolls of silence
 R - 3 scrolls of teleportation
 T - 2 scrolls of acquirement {unknown}
 V - a scroll of vulnerability {unknown}
Potions
 b - 2 potions of ambrosia
 c - 2 potions of curing
 d - a potion of cancellation {unknown}
 f - 2 potions of heal wounds
 n - 4 potions of degeneration {unknown}
 t - 2 potions of resistance {unknown}
 v - 2 potions of mutation
 x - 4 potions of flight
 z - a potion of might
 H - a potion of lignification {unknown}
 I - a potion of brilliance
 U - a potion of haste {unknown}


   Skills:
 + Level 6.8 Fighting
 + Level 7.4 Maces & Flails
 + Level 1.2 Polearms
 + Level 4.0 Armour
 + Level 6.2 Dodging
 + Level 6.3 Stealth
 + Level 8.3 Unarmed Combat


You had 7 spell levels left.
You knew the following spells:

 Your Spells              Type           Power      Damage    Failure   Level
a - Passwall              Tmut/Erth      0%         N/A       67%         2

Your spell library contained the following spells:

 Spells                   Type           Power      Damage    Failure   Level
 Blink                    Tloc           0%         N/A       67%         2
 Corpse Rot               Necr/Air       0%         N/A       67%         2
 Ensorcelled Hibernation  Hex/Ice        0%         N/A       67%         2
 Poisonous Vapours        Pois/Air       0%         N/A       67%         2
 Call Canine Familiar     Summ           0%         N/A       88%         3
 Lesser Beckoning         Tloc           0%         N/A       88%         3
 Portal Projectile        Hex/Tloc       0%         N/A       88%         3
 Swiftness                Air            0%         N/A       88%         3
 Leda's Liquefaction      Hex/Erth       0%         N/A       99%         4
 Manifold Assault         Tloc           0%         N/A       100%        5


Dungeon Overview and Level Annotations

Branches:
Dungeon (8/15)             Temple (1/1) D:4           Sewer (visited)
Ossuary (visited)
   Lair: D:8-11

Altars:
Ashenzari
Cheibriados
Dithmenos
Elyvilon
Fedhas
Gozag
Hepliaklqana
Kikubaaqudgha
Makhleb
Nemelex Xobeh
Okawaru
Qazlal
Ru
Sif Muna
Trog
Uskayaw
Vehumet
Wu Jian
Xom
Yredelemnul
Zin
The Shining One

Shops:
D:2 ?   D:4 (


Innate Abilities, Weirdness & Mutations

You are immune to poison.
You have sharp fingernails.
Your flesh is cold resistant. (rC+)
You are immune to negative energy. (rN+++)
You do not regenerate when monsters are visible.
You are immune to unholy pain and torment.
You thrive by killing the living.


Message History

The yak is almost dead.
The yak completely misses you. The yak gores you but does no damage.
You closely miss the yak.
The yak is almost dead.
The yak gores you but does no damage. x2
You hit the yak. Your claw misses the yak.
The yak is almost dead.
The yak gores you but does no damage. The yak barely misses you.
You barely miss the yak.
The yak is almost dead.
The yak gores you.
* * * LOW HITPOINT WARNING * * *
The yak gores you but does no damage.
You hit the yak but do no damage.
The yak is almost dead.
The yak closely misses you. The yak gores you but does no damage.
You hit the yak.
You kill the yak!
Dithmenos accepts your kill. The yak completely misses you.
You hit the yak. You claw the yak!
The yak is moderately wounded.
Your shadow closely misses the yak.
The yak gores you!
* * * LOW HITPOINT WARNING * * *
You feel better. The yak gores you but does no damage.
You hit the yak.
The yak is moderately wounded.
The yak gores you but does no damage.
You hit the yak.
The yak is moderately wounded.
The yak barely misses you. The yak gores you but does no damage.
You barely miss the yak.
The yak is moderately wounded.
Your shadow hits the yak but does no damage.
The yak gores you!
* * * LOW HITPOINT WARNING * * *
You barely miss the yak. You claw the yak!
The yak is heavily wounded.
The yak gores you!
You die...

...........###.........
..###.......#.......###
....................##
...............#.....#
...###......#...##...#
..## ##....##..#
#...##... .## ##..#
#..## ##..#..
..........# ##..# #...
.####....# ##@## #..#
.# #†Y# #..# ##
##.####.# ###
###..##..# ..###.
###.......!####. ......
#.......).Y.Y...#
######
#............YY....#
###
##...........###Y..#
..####..# #..........##
..#


You could see a yak.

Vanquished Creatures
  An efreet (D:6)
  A hornet (D:8)
  Sigmund (D:6)
  8 yaks (D:8)
  3 vampire mosquitoes (D:7)
  A water moccasin (D:8)
  3 orc warriors
  An ice beast (D:4)
  2 sky beasts
  3 ogres
  3 elf zombies (Ossuary)
  A gnoll sergeant (D:7)
  A bullfrog (Sewer)
  2 scorpions
  A necrophage (D:4)
  3 wights (D:8)
  5 howler monkeys (D:7)
  A centaur zombie (Ossuary)
  5 hounds
  A human zombie (Ossuary)
  8 orc priests
  An iguana (D:6)
  4 orc wizards
  2 mummies (Ossuary)
  18 adders
  11 gnolls
  A shadow imp (D:7)
  4 white imps
  2 ufetubi
  An adder zombie (Ossuary)
  2 worms
  A dart slug (D:1)
  26 orcs
  8 ball pythons
  4 bats
  12 endoplasms
  12 giant cockroaches
  3 goblins
  3 hobgoblins
  10 quokkas
  6 frilled lizards
  3 goblin zombies (Ossuary)
  12 hobgoblin zombies (Ossuary)
  A jackal zombie (Ossuary)
  6 kobolds
  5 kobold zombies (Ossuary)
  8 orc zombies (Ossuary)
  5 rats
  2 rat zombies (Ossuary)
228 creatures vanquished.

Notes
Turn   | Place    | Note
-------+----------+-------------------------------------------
     0 | D:1      | happo123 the Ghoul Monk began the quest for the Orb.
     0 | D:1      | Reached XP level 1. HP: 19/19 MP: 0/0
   388 | D:1      | Reached XP level 2. HP: 26/26 MP: 1/1
   480 | D:1      | Found a faded altar of an unknown god.
   487 | D:1      | Prayed at the altar of an unknown god.
   487 | D:1      | Became a worshipper of Dithmenos the Shadowed
   487 | D:1      | Reached * piety under Dithmenos
   487 | D:1      | Reached ** piety under Dithmenos
   647 | D:1      | Reached *** piety under Dithmenos
   960 | D:2      | Reached XP level 3. HP: 33/33 MP: 2/2
  1182 | D:2      | Found Moqerghio's Magic Scroll Shoppe.
  1201 | D:2      | Reached skill level 4 in Unarmed Combat
  1219 | D:2      | Bought a scroll of identify for 26 gold pieces
  1308 | D:2      | Reached XP level 4. HP: 40/40 MP: 3/3
  1838 | D:3      | Reached XP level 5. HP: 46/46 MP: 4/4
  2283 | D:4      | Found Nolar's Weapon Shoppe.
  2336 | D:4      | Reached skill level 1 in Armour
  2336 | D:4      | Reached skill level 5 in Unarmed Combat
  2463 | D:4      | Reached **** piety under Dithmenos
  2499 | D:4      | Found a glowing drain.
  2513 | Sewer    | Entered a sewer
  2697 | Sewer    | Reached XP level 6. HP: 51/52 MP: 5/5
  3571 | D:4      | Found a staircase to the Ecumenical Temple.
  3633 | Temple   | Entered the Ecumenical Temple
  4059 | D:4      | Reached skill level 6 in Unarmed Combat
  4089 | D:4      | Noticed an ice beast
  4109 | D:4      | Killed an ice beast
  4110 | D:4      | Reached XP level 7. HP: 35/59 MP: 4/6
  4686 | D:5      | Entered Level 5 of the Dungeon
  4823 | D:5      | Noticed a +0 dagger
  4823 | D:5      | Noticed a +0 dagger
  4824 | D:5      | Found a hide-covered altar of Uskayaw.
  5388 | D:6      | Reached skill level 7 in Unarmed Combat
  5391 | D:6      | Noticed Sigmund
  5406 | D:5      | Reached XP level 8. HP: 53/67 MP: 7/7
  5407 | D:5      | Reached ***** piety under Dithmenos
  5450 | D:6      | Killed Sigmund
  5451 | D:6      | Reached skill level 5 in Stealth
  5649 | D:6      | Reached skill level 8 in Unarmed Combat
  5937 | D:6      | Reached skill level 1 in Polearms
  6050 | D:6      | Reached skill level 1 in Maces & Flails
  6365 | D:6      | Reached skill level 5 in Fighting
  6424 | D:6      | Learned a level 2 spell: Passwall
  6448 | D:7      | Reached XP level 9. HP: 73/74 MP: 8/8
  6469 | D:7      | Noticed an efreet
  6747 | D:6      | Killed an efreet
  7047 | D:7      | Found a sand-covered staircase.
  7059 | Ossuary  | Entered an ossuary
  8327 | D:7      | Reached skill level 5 in Maces & Flails
  8347 | D:8      | Reached skill level 5 in Dodging
  8775 | D:7      | Reached XP level 10. HP: 12/83 MP: 1/9
 10084 | D:8      | Slain by a yak

Illustrated notes

Levels and vault maps discovered:
D:1:      tarquinn_simple_flora_water_b, layout_loops_ring,
          dreamdust_ecumenical_altar_statues, serial_forest,
          infiniplex_forest_straight_3, infiniplex_forest_corner_1,
          infiniplex_forest_lined_4_way, infiniplex_forest_clump_small,
          infiniplex_forest_straight_2, infiniplex_forest_clump_small,
          infiniplex_forest_clump_tiny
D:2:      layout_rooms, serial_shops, nicolae_shop_advertising_works
          [nicolae_subvault_shop_adworks]
D:3:      layout_loops_ring, minmay_fractal_squares_gapless_5
D:4:      layout_loops_cross, minmay_temple_entry_nine_rooms, serial_shops,
          shop, gup_sewer_entry_bubbles, serial_co_window_serial,
          co_window_corner_a, co_window_paths_b, co_window_paths_a,
          co_window_paths_b, co_window_paths_a, co_window_2corner,
          co_window_corner_b, co_window_corner_b, co_window_paths_c,
          co_window_cross_2, co_window_corner_b, co_window_corner_b,
          co_window_paths_d, glass_columns_b, glass_columns_c, glass_columns_a,
          glass_columns_a
D:5:      cheibrodos_helix_gallery, layout_basic, dancing_weapons_uskayaw,
          minmay_misc_feat_nine_boxes
D:6:      nicolae_cairo_tiling, layout_gridville, dreamdust_gnoll_farm,
          uniq_sigmund
D:7:      layout_loops_ring, enter_ossuary_1, minmay_hedge_maze, st_stairs_14,
          minmay_three_doors
D:8:      layout_layer_cave
Temple:   compressed_dpeg_triangle_lava_temple

Skill      XL: |  1  2  3  4  5  6  7  8  9 10 |
---------------+-------------------------------+-----
Unarmed Combat | 4 5 6 7 8 |  8.3
Dodging        | 3 4 5 6 |  6.2
Stealth        | 3 4 5 6 |  6.3
Fighting       | 4 5 6 |  6.8
Armour         | 1 2 3 4 |  4.0
Polearms       | 1 |  1.2
Maces & Flails | 2 6 7 |  7.4

Action                   |  1- 3 |  4- 6 |  7- 9 | 10-12 || total
-------------------------+-------+-------+-------+-------++-------
Melee: Unarmed           |    80 |   229 |   124 |       ||   433
       Punch             |     1 |     7 |    20 |    17 ||    45
       Dagger            |       |    17 |    11 |       ||    28
       Flail             |       |       |   368 |   147 ||   515
       Scythe            |       |       |    13 |       ||    13
  Use: Potion            |       |     1 |     3 |     2 ||     6
       Scroll            |       |     2 |     9 |       ||    11
 Stab: Sleeping          |     5 |     9 |    14 |     2 ||    30
       Distracted        |       |       |     1 |       ||     1
Armor: Robe              |    12 |       |       |       ||    12
       Scale mail        |    13 |    25 |       |       ||    38
       Leather armour    |       |    26 |   170 |    75 ||   271
Dodge: Dodged            |    52 |   133 |   428 |   150 ||   763

Table legend: (Time is in decaauts)
 A = Elapsed time spent in this place.
 B = Non-inter-level travel time spent in this place.
 C = Inter-level travel time spent in this place.
 D = Time resting spent in this place.
 E = Time spent auto-exploring this place.
 F = Levels seen in this place.
 G = Mean time per level.
                   A        B        C        D        E       F      G
               +--------+--------+--------+--------+--------+-----+--------+
         Total |  10267 |   9199 |   1068 |   1933 |   4754 |  11 |  933.4 |
       Dungeon |   8823 |   7778 |   1045 |   1736 |   4195 |   8 | 1102.9 |
        Temple |    321 |    298 |     23 |      0 |    269 |   1 |  321.0 |
         Sewer |    556 |    556 |      0 |      0 |    237 |   1 |  556.0 |
       Ossuary |    565 |    565 |      0 |    197 |     53 |   1 |  565.0 |
               +--------+--------+--------+--------+--------+-----+--------+

Top non-repeatable levels by time:
     D:7: 1706 daAuts
     D:4: 1647 daAuts
     D:6: 1346 daAuts
     D:8: 1143 daAuts
     D:1: 937 daAuts
     D:3: 738 daAuts
     D:5: 725 daAuts
     D:2: 577 daAuts
 Ossuary: 565 daAuts
   Sewer: 556 daAuts
  Temple: 321 daAuts
